Map: Blackpink LE

Players

HateMe - Winner!

  • Race: Zerg Zerg
  • Spawn Location: 7:00

Chendar

  • Race: Zerg Zerg
  • Spawn Location: 1:00

Event: WCS Leipzig 2018

VOD

Have the link to the VOD?

Description

Time

  • Played on: Jan. 26, 2018, 7:56 a.m.
  • Length: 7:24

All games in this series

Show
View Real Time Build Order
Export as new Build Order

HateMe Zerg - Winner!

Build Orders: Hatch First, Zergling Baneling 

Get SALT Encoding   

  12  0:01  Drone  
  13  0:12  Overlord  
  13  0:17  Drone  
  14  0:31  Drone x2  
  14  0:34  Drone  
  17  0:51  Hatchery  
  17  0:54  Drone  
  17  0:57  Drone  
  17  1:01  Extractor  
  17  1:12  Spawning Pool  
  17  1:15  Drone  
  17  1:18  Drone  
  18  1:29  Drone  
  19  1:38  Overlord  
  19  1:49  Drone  
  20  1:59  Queen  
  20  2:00  Zergling x2  
  23  2:02  Queen  
  23  2:03  Zergling x2  
  23  2:04  Metabolic Boost  
  26  2:25  Drone  
  26  2:26  Drone x3  
  26  2:27  Baneling Nest  
  29  2:36  Drone  
  30  2:38  Queen  
  30  2:43  Overlord  
  32  2:45  Drone  
  32  2:50  Drone  
  34  2:54  Zergling x2  
  34  2:58  Zergling x2  
  36  3:05  Zergling x2  
  37  3:08  Zergling x8  
  37  3:10  Baneling x2  
  37  3:11  Baneling  
  41  3:18  Zergling x4  
  43  3:28  Baneling x2  
  42  3:34  Baneling, Overlord  
  42  3:40  Drone  
  43  3:49  Overlord  
  43  3:52  Queen  
  43  3:54  Overlord  
  43  3:55  Drone x3  
  48  4:02  Drone x3  
  51  4:07  Drone  
  52  4:13  Drone  
  52  4:15  Baneling  
  52  4:16  Baneling  
  53  4:17  Drone  
  53  4:33  Drone x5  
  52  4:44  Hatchery, Roach Warren  
  49  4:49  Zergling x2  
  49  4:50  Zergling x4  
  51  4:53  Extractor  
  51  4:55  Extractor  
  51  4:56  Zergling x4  
  51  4:57  Zergling x2  
  51  4:58  Overlord  
  52  5:01  Drone  
  52  5:06  Drone  
  54  5:12  Baneling  
  55  5:14  Drone  
  55  5:16  Drone  
  56  5:23  Overlord  
  56  5:27  Overlord  
  58  5:28  Roach x3  
  58  5:29  Roach x2  
  58  5:32  Overlord  
  66  5:39  Roach  
  68  5:43  Overlord  
  68  5:49  Roach  
  70  5:53  Roach x2  
  70  5:55  Roach  
  76  6:00  Roach  
  78  6:05  Roach  
  78  6:06  Roach x3  
  86  6:15  Ravager x4  
  90  6:18  Zergling x4  
  90  6:22  Overlord  
  90  6:23  Zergling x6  
  90  6:24  Zergling x4  
  96  6:33  Zergling x10  
  96  6:35  Ravager  
  96  6:38  Zergling x6  
  106  6:40  Zergling x4  
  106  6:41  Zergling x2  
  108  6:50  Zergling x2  
  108  6:51  Zergling x8  
  102  7:17  Evolution Chamber  
Show
View Real Time Build Order
Export as new Build Order

Chendar Zerg 

Build Orders: Pool First 

Get SALT Encoding   

  12  0:00  Drone  
  13  0:13  Overlord  
  13  0:18  Drone  
  14  0:32  Drone x2  
  16  0:35  Drone  
  16  0:39  Extractor  
  16  0:46  Drone  
  17  0:51  Spawning Pool  
  16  0:58  Drone  
  17  1:08  Drone  
  18  1:20  Hatchery  
  18  1:24  Drone  
  18  1:29  Drone  
  19  1:39  Metabolic Boost  
  19  1:45  Queen  
  21  1:51  Overlord  
  21  1:55  Drone  
  22  2:01  Baneling Nest  
  22  2:06  Zergling x2  
  22  2:13  Zergling x2  
  23  2:21  Queen  
  25  2:23  Zergling x2  
  26  2:33  Zergling x2  
  27  2:37  Zergling x2  
  28  2:46  Zergling x4  
  28  2:50  Baneling x2  
  30  2:53  Overlord  
  30  2:54  Zergling x6  
  30  2:57  Drone  
  34  3:04  Baneling x2  
  34  3:05  Drone  
  35  3:08  Drone  
  36  3:19  Drone x2  
  38  3:26  Drone x3  
  41  3:29  Overlord  
  41  3:34  Drone  
  41  3:38  Drone x2  
  41  3:39  Drone  
  43  3:44  Overlord  
  43  3:53  Overlord x2  
  42  3:55  Zergling x2  
  42  3:59  Zergling x4  
  45  4:07  Drone  
  45  4:08  Drone x2  
  47  4:17  Drone x2  
  47  4:19  Baneling  
  44  4:51  Queen  
  44  4:52  Drone x3  
  46  4:55  Lair  
  44  5:01  Drone x2  
  44  5:02  Drone x3  
  44  5:03  Roach Warren  
  44  5:06  Drone  
  49  5:07  Evolution Chamber  
  48  5:14  Hatchery  
  48  5:15  Zergling x2  
  48  5:16  Zergling x2  
  50  5:21  Zergling x2  
  50  5:24  Extractor  
  50  5:25  Drone  
  50  5:26  Drone x3  
  53  5:36  Overlord  
  53  5:37  Drone  
  54  5:44  Extractor  
  54  5:46  Drone  
  54  5:48  Drone x3, Extractor  
  58  5:50  Roach  
  58  5:51  Roach x3  
  64  6:01  Roach  
  66  6:05  Overlord  
  65  6:14  Drone x2  
  65  6:15  Baneling  
  65  6:16  Baneling x3  
  65  6:17  Overlord x3  
  66  6:26  Drone x4, Queen  
  66  6:28  Drone  
  66  6:29  Drone  
  74  6:37  Roach  
  74  6:38  Roach  
  78  6:41  Roach  
  78  6:43  Ravager x4  
  78  6:45  Roach x2  
  87  6:51  Roach  
  86  7:05  Overlord x2  
Tags
 
Add a new tag
Caveats
  • Supply blocks, unpowered buildings, or Contaminate may cause inaccurate times.
  • Supply counts are checked every 10 seconds.